9 Priestess of the Moon
3 Scout
3 Trueshot Aura
1 Starfall
2 Searing Arrows
6 Demon Hunter
2 Mana Burn
3 Evasion
1 Metamorphosis
3 Naga Sea Witch
2 Mana Shield
1 Frost Arrows
» actions
| Basic commands | 136 | |
| Build / train | 142 | |
| ESC pressed | 12 | |
| Enter build submenu | 20 | |
| Enter hero's abilities submenu | 19 | |
| Give item / drop item | 3 | |
| Right click | 1360 | |
| Select / deselect | 557 | |
| Use ability | 147 | |
2396 total
» units
| Wisp | 46 | |
| Archer | 18 | |
| Huntress | 2 | |
| Hippogryph | 11 | |
| Druid of the Talon | 4 | |
81 total
» upgrades
| Strength of the Moon | 3 | |
| Ultravision | 1 | |
| Strength of the Wild | 3 | |
| Improved Bows | 1 | |
| Hippogryph Taming | 1 | |
| Moon Armor | 3 | |
| Marksmanship | 1 | |
| Nature's Blessing | 1 | |
| Well Spring | 1 | |
| Druid of the Talon Training | 2 | |
| Mark of the Talon | 1 | |
| Reinforced Hides | 2 | |
20 total
» buildings
| Altar of Elders | 1 | |
| Ancient of War | 3 | |
| Moon Well | 7 | |
| Ancient of Wonders | 1 | |
| Tree of Life | 5 | |
| Hunter's Hall | 1 | |
| Tree of Ages | 1 | |
| Ancient Protector | 1 | |
| Ancient of Wind | 3 | |
| Tree of Eternity | 1 | |
24 total
» build order
00:07 Altar of Elders
00:10 Ancient of War
00:14 Moon Well
02:07 Moon Well
02:37 Ancient of War
02:43 Ancient of Wonders
05:19 Tree of Life
05:27 Hunter's Hall
06:19 Tree of Ages
06:23 Moon Well
06:59 Tree of Life
07:24 Ancient Protector
09:15 Tree of Life
09:55 Ancient of Wind
09:55 Ancient of Wind
10:38 Moon Well
11:39 Tree of Eternity
16:11 Ancient of War
16:12 Ancient of Wind
16:18 Moon Well
19:54 Tree of Life
23:28 Moon Well
23:29 Moon Well
27:52 Tree of Life
» items
| Scroll of Healing | 3 | |
| Boots of Speed | 2 | |
| Scroll of Protection | 1 | |
| Scroll of Town Portal | 5 | |
| Potion of Healing | 3 | |
| Staff of Preservation | 1 | |
| Orb of Venom | 1 | |
| Anti-magic Potion | 2 | |
18 total